[Event "Late-Titled-Tuesday-Blitz-October-24-2023"]
[Site "Chess.com"]
[Date "2023.10.24"]
[Round "1"]
[White "Atanejhad"]
[Black "jk13"]
[Result "0-1"]
[WhiteElo "2383"]
[BlackElo "2684"]
[TimeControl "180+1"]
[EndTime "14:07:24 PDT"]
[Termination "jk13 won by resignation"]

1. d4 Nf6 2. c4 e6 3. Nf3 Bb4+ 4. Bd2 Bxd2+ 5. Nbxd2 O-O 6. e4 d6 7. Be2 Qe7 8. O-O e5 9. d5 a5 10. Ne1 Na6 11.
Nd3 Nd7 12. Rc1 Ndc5 13. Nxc5 Nxc5 14. f3 f5 15. Qc2 Qg5 16. Qc3 Bd7 17. b3 Rf6 18. Rfe1 Raf8 19. Bf1 Rh6 20. Qe3 Qh4 21. h3 Qg3 22. Qf2 Rxh3 23. Qxg3 Rxg3 24. Kh2 Rg6 25. a3 fxe4 26. Nxe4 Nxb3 27. Rb1 a4 28. Bd3 b6 29. Bc2 Nd4 30. Bd1 Rf5 31. Rb4 Kf8 32. Re3 Ke7 33. Bxa4 Rh5+ 34. Kg1 Bf5 35. Nf2 Rhg5 36. g4 h5 37. Nh3 hxg4 38. Nxg5 gxf3 39. Bd1 Rxg5+ 40. Kf2 Rg2+ 41. Kf1 Rd2 42. Bxf3 Nc2 43.
Rbb3 Nxe3+ 44. Rxe3 Kf6 45. Be2 g5 46. Rb3 Ra2 47.
Kf2 Bg4 48. Re3 Kf5 49. Ke1 Rxe2+ 50. Rxe2 Bxe2 51. Kxe2 Ke4 0-1

[Event "Late-Titled-Tuesday-Blitz-October-24-2023"]
[Site "Chess.com"]
[Date "2023.10.24"]
[Round "1"]
[White "Andrej2004"]
[Black "BrandonJacobson"]
[Result "0-1"]
[WhiteElo "2516"]
[BlackElo "3036"]
[TimeControl "180+1"]
[EndTime "14:07:26 PDT"]
[Termination "BrandonJacobson won by resignation"]

1. Nf3 Nf6 2. c4 g6 3. b3 Bg7 4.
Bb2 O-O 5. g3 d6 6. Bg2 e5 7. d3 Re8 8. O-O a5 9. Nc3 c6 10. a3 d5 11. cxd5 cxd5 12. e4 d4 13.
Ne2 Nc6 14. Nd2 Be6 15. Rc1 Bh6 16. h3 Nd7 17. f4 f6 18. Nc4 Bf8 19. f5 Bf7 20. g4 Nc5 21. fxg6 hxg6 22. h4 Bh6 23.
Ng3 Bxc1 24. Bxc1 b5 25. Nb2 Nxb3 26. Bh6 Qd6 27. h5 Qxa3 28. hxg6 Be6 29. Qf3 Rf8 30. Nh5 Qe7 31. Bxf8 Rxf8 32. Nxf6+ Rxf6 33. Qxf6 Qxf6 34. Rxf6 Nd8 35. Bf3 Kg7 36. g5 a4 37.
Nxa4 bxa4 38. Bd1 a3 39. Rf2 Nc5 40. Rc2 a2 41. Rc1 Nxd3 42. Ra1 Kxg6 43. Be2 Nb4 44. Bd1 Kxg5 45. Kf2 Kf4 46. Ke2 Ndc6 47. Kd2 Na5 48. Bc2 Nxc2 49. Kxc2 d3+ 50. Kxd3 Nb3 51. Rf1+ Kg5 52.
Rg1+ Kf6 53. Rf1+ Ke7 54. Kc3 a1=Q+ 55. Rxa1 Nxa1 56. Kb2 Kd6 57. Kxa1 Kc5 0-1

[Event "Late-Titled-Tuesday-Blitz-October-24-2023"]
[Site "Chess.com"]
[Date "2023.10.24"]
[Round "1"]
[White "sari07"]
[Black "sergeikim"]
[Result "0-1"]
[WhiteElo "2259"]
[BlackElo "2604"]
[TimeControl "180+1"]
[EndTime "14:07:26 PDT"]
[Termination "sergeikim won on time"]

1. Nf3 Nf6 2. c4 g6 3. Nc3 Bg7 4. e4 d6 5. d4 O-O 6. Be2 e5 7. O-O exd4 8. Nxd4 Re8 9. f3 Nbd7 10. Nc2 Nc5 11. b4 Ne6 12. Qd3 Nd7 13. f4 a5 14. a3 axb4 15. axb4 Rxa1 16. Nxa1 c6 17. Be3 Qf6 18. Na4 Nd4 19. Bd1 b5 20. Nc3 Ba6 21. c5 dxc5 22. e5 Qe7 23. Bxd4 cxd4 24. Qxd4 Qd8 25. Nb3 f6 26. e6 Nf8 27. Qxd8 Rxd8 28.
e7 Re8 29. exf8=Q+ Bxf8 30. Nc5 Bxc5+ 31. bxc5 b4 32.
Bb3+ Kf8 33. Ra1 Bd3 34. Na4 Re2 35. Nb6 Be4 36. Ra8+ Kg7 37. Ra7+ Kh6 38. Nd7 Rxg2+ 39. Kf1 Rb2 40. Nf8 g5 41. Bg8 gxf4 42. h4 Bd3+ 43. Ke1 f3 0-1

[Event "Late-Titled-Tuesday-Blitz-October-24-2023"]
[Site "Chess.com"]
[Date "2023.10.24"]
[Round "1"]
[White "talaicito"]
[Black "NMJeevanK"]
[Result "0-1"]
[WhiteElo "2257"]
[BlackElo "2603"]
[TimeControl "180+1"]
[EndTime "14:07:27 PDT"]
[Termination "NMJeevanK won on time"]

1. d4 Nf6 2. Nc3 g6 3. Bf4 d6 4. e4 Bg7 5. Qd2 O-O 6. O-O-O Nbd7 7. f3 c5 8. dxc5 Nxc5 9. e5 Nh5 10. Bh6 Qa5 11. g4 Bxh6 12. Qxh6 Ng7 13. exd6 exd6 14. h4 Nce6 15. Bc4 Bd7 16. Nd5 Qd8 17. h5 Ne8 18.
hxg6 Qg5+ 19. Qxg5 Nxg5 20. f4 Ne4 21. g5 hxg6 22.
Rh2 Kg7 23. Nf3 Rh8 24. Re2 Bf5 25. Nd4 Rc8 26. Bd3 Ng3 27. Re7 Bxd3 28. Rxd3 Rh1+ 29. Rd1 Rxd1+ 30. Kxd1 Rc5 31. Nc3 Nc7 32. Kd2 a6 33.
b4 Nf5 34. bxc5 Nxe7 35. cxd6 Ned5 36. dxc7 Nxc7 37. Kd3 Kf8 38. Ne4 Ke7 39. c4 Ne8 40. c5 Ng7 0-1

[Event "Late-Titled-Tuesday-Blitz-October-24-2023"]
[Site "Chess.com"]
[Date "2023.10.24"]
[Round "1"]
[White "IlanSchnaider"]
[Black "pasteta13"]
[Result "0-1"]
[WhiteElo "2768"]
[BlackElo "2468"]
[TimeControl "180+1"]
[EndTime "14:07:28 PDT"]
[Termination "pasteta13 won on time"]

1. e4 c6 2. Nc3 d5 3. Nf3 dxe4 4. Nxe4 Nf6 5. Qe2 e6 6. d4 Nxe4 7. Qxe4 Qd5 8. Qh4 Be7 9. Qg3 Bf6 10. Bd3 b6 11.
O-O Ba6 12. Rd1 O-O 13. Bf4 Bxd3 14. Rxd3 Qc4 15. Rc3 Qb5 16. Rb3 Qe2 17. Rc1 Nd7 18.
h4 c5 19. Ne5 Rfd8 20. Re3 Qh5 21. dxc5 Nxc5 22. Bg5 Bxg5 23. hxg5 Rd1+ 24. Re1 Rad8 25. Nf3 R1d5 26. Qc7 R5d7 27. Qc6 h6 28. gxh6 Qxh6 29. Ne5 Rd2 30. Qf3 Qf6 31. Qg3 R8d5 32. Ng4 Qg6 33. Qh3 Rg5 34. Ne3 Rd4 35. Rf1 Re4 36. Rce1 f5 0-1

[Event "Late-Titled-Tuesday-Blitz-October-24-2023"]
[Site "Chess.com"]
[Date "2023.10.24"]
[Round "1"]
[White "Sanyura"]
[Black "ljm509"]
[Result "1-0"]
[WhiteElo "2621"]
[BlackElo "2303"]
[TimeControl "180+1"]
[EndTime "14:07:29 PDT"]
[Termination "Sanyura won by checkmate"]

1. Nf3 Nf6 2. g3 g6 3. Bg2 Bg7 4. O-O O-O 5. d3 d5 6. Nbd2 c5 7. e4 Nc6 8. exd5 Nxd5 9. Nc4 b6 10. a4 Bb7 11. a5 Nxa5 12. Nxa5 bxa5 13. c3 Bc6 14. Re1 Qc7 15. Nd2 a4 16. Ne4 Qb6 17. h4 e5 18. h5 f5 19. Nd6 Rad8 20. Nc4 Qc7 21. Bg5 Rd7 22. hxg6 hxg6 23. Rxa4 e4 24. Ra6 Bb5 25. Rxg6 Bxc4 26. Rxg7+ Kxg7 27. dxc4 Ne3 28. Qh5 Rh8 29. Bf6+ Kxf6 30. Qxh8+ Kf7 31.
fxe3 Qxg3 32. Rf1 Qxe3+ 33. Kh1 Ke6 34. Qe8+ Re7 35. Qc6+ Ke5 36. Qd5+ Kf6 37. Qxf5+ Kg7 38. Qf6+ Kg8 39. Qxe7 Qh6+ 40. Kg1 Qe3+ 41. Rf2 Qe1+ 42. Bf1 e3 43. Rf8# 1-0

[Event "Late-Titled-Tuesday-Blitz-October-24-2023"]
[Site "Chess.com"]
[Date "2023.10.24"]
[Round "1"]
[White "hellokostya"]
[Black "AsselLesbekova"]
[Result "1-0"]
[WhiteElo "2607"]
[BlackElo "2278"]
[TimeControl "180+1"]
[EndTime "14:07:29 PDT"]
[Termination "hellokostya won by resignation"]

1. Nf3 d5 2. e3 e6 3. c4 a6 4. Nc3 dxc4 5. Bxc4 b5 6. Bb3 Nf6 7. d4 Bb7 8. O-O Be7 9. Re1 O-O 10.
a3 c5 11. e4 b4 12. axb4 cxb4 13. Na4 Bxe4 14. Ne5 Bd5 15. Bc2 Nc6 16. Bf4 g6 17.
Nc5 Nxe5 18. Bxe5 Nd7 19. Nxd7 Qxd7 20. Qd2 Rfc8 21. Bd3 Bf8 22. h4 Qb7 23. Qg5 Bg7 24.
h5 Bxe5 25. Rxe5 Re8 26. hxg6 fxg6 27. Rae1 Qf7 28. R5e3 a5 29. Rg3 Ra7 30. Rg4 Qe7 31.
Qh6 Qg7 32. Qh4 Qe7 33. Qg3 Qc7 34. Re5 a4 35. Bxg6 hxg6 36. Rxg6+ Kf8 37. Qh4 Qf7 38.
Rf6 Ke7 39. Rxf7+ Kxf7 40. Qh7+ Kf6 41. Qxa7 1-0

[Event "Late-Titled-Tuesday-Blitz-October-24-2023"]
[Site "Chess.com"]
[Date "2023.10.24"]
[Round "1"]
[White "RCone"]
[Black "yosephtaher"]
[Result "0-1"]
[WhiteElo "2415"]
[BlackElo "2743"]
[TimeControl "180+1"]
[EndTime "14:07:30 PDT"]
[Termination "yosephtaher won on time"]

1. e4 c5 2. Nc3 g6 3. h4 h5 4. Bc4 Bg7 5. Qf3 e6 6. d4 cxd4 7. Nb5 d5 8. exd5 Nf6 9. dxe6 O-O 10. exf7+ Kh8 11. Bg5 Bg4 12. Qf4 Nbd7 13. Nxd4 Rc8 14.
Bb3 Qa5+ 15. Qd2 Qe5+ 16. Nge2 Ne4 17. Qe3 Nxg5 18. Qxe5 Bxe5 19. hxg5 Bxe2 20. Nxe2 Bxb2 21. Rd1 Nc5 22. Nf4 Kh7 23. Bd5 Be5 24. Ne6 Nxe6 25. Bxe6 Rxc2 26. O-O Bf4 27. Rd7 Bxg5 28. Rxb7 Kg7 29.
Rxa7 Bf6 30. a4 h4 31. Re1 Bd4 32. Rd7 Bxf2+ 33. Kf1 Bxe1 34. Kxe1 Rxg2 35. Rd3 Rg5 36.
Bc4 Rg4 37. Bb3 Rh8 38. Kf2 h3 39. Bd5 h2 40. Rd1 Rxa4 41. Rh1 Rf4+ 42. Ke3 Rf6 43.
Kd4 Rh5 0-1

[Event "Late-Titled-Tuesday-Blitz-October-24-2023"]
[Site "Chess.com"]
[Date "2023.10.24"]
[Round "1"]
[White "JackRodgers"]
[Black "sergiochess83"]
[Result "1-0"]
[WhiteElo "2517"]
[BlackElo "2876"]
[TimeControl "180+1"]
[EndTime "14:07:31 PDT"]
[Termination "JackRodgers won on time"]

1. d4 Nf6 2. Bg5 d5 3. Bxf6 exf6 4. e3 c6 5. g3 h5 6. h4 Bd6 7. Bg2 Nd7 8. b3 f5 9. c4 Nf6 10. c5 Bc7 11. Qd3 O-O 12. Ne2 Re8 13. O-O Be6 14. b4 Ng4 15. Nd2 g5 16. Nf3 f6 17. a4 Kg7 18. b5 Bd7 19. Rab1 Rb8 20. bxc6 bxc6 21. Qa6 Kh6 22. Qd3 a5 23. Rxb8 Bxb8 24. Rb1 Bc7 25. Rb7 Qc8 26. Rb2 Qa8 27. Qb3 Rb8 28. Qc2 Rxb2 29. Qxb2 Bc8 30. Qb1 Qa6 31. Bf1 Qc4 32. Qd1 Qb4 33. Nc1 Qb1 34. Qd2 f4 35. hxg5+ fxg5 36. exf4 gxf4 37. Bd3 Qb4 38. Qe2 Qc3 39. Na2 Qa1+ 40. Kg2 fxg3 41. Qe7 1-0

[Event "Late-Titled-Tuesday-Blitz-October-24-2023"]
[Site "Chess.com"]
[Date "2023.10.24"]
[Round "1"]
[White "Paladin61"]
[Black "leoduarte"]
[Result "0-1"]
[WhiteElo "2699"]
[BlackElo "2420"]
[TimeControl "180+1"]
[EndTime "14:07:31 PDT"]
[Termination "leoduarte won by checkmate"]

1. e4 e5 2. Nf3 Nc6 3. d4 exd4 4.
Nxd4 Nf6 5. Nc3 Bb4 6. Nxc6 bxc6 7. Bd3 d5 8. exd5 cxd5 9. O-O O-O 10. h3 h6 11. Qf3 c6 12. Ne2 Bd6 13. c4 Bc7 14.
Bf4 Rb8 15. b3 Re8 16. cxd5 cxd5 17. Nd4 Rb4 18. Bxc7 Qxc7 19. Rac1 Qd6 20. Nc6 Rf4 21.
Qg3 Bd7 22. Nxa7 Nh5 23. Qh2 Qb6 24. g4 Qxa7 25. gxh5 Qd4 26. Rcd1 Qf6 27. Rfe1 Rc8 28. Be2 g6 29. hxg6 fxg6 30. Rxd5 Bc6 31. Rd2 Rf8 32.
Bg4 h5 33. Re6 Qa1+ 34. Rd1 Rxg4+ 35. Kf1 Qxd1+ 36. Re1 Qd3+ 37. Re2 Qd1+ 38. Re1 Bb5# 0-1

[Event "Late-Titled-Tuesday-Blitz-October-24-2023"]
[Site "Chess.com"]
[Date "2023.10.24"]
[Round "1"]
[White "Artemiki"]
[Black "DefiantChair"]
[Result "0-1"]
[WhiteElo "2379"]
[BlackElo "2680"]
[TimeControl "180+1"]
[EndTime "14:07:31 PDT"]
[Termination "DefiantChair won on time"]

1. e4 e5 2. Nf3 Nc6 3. Bb5 a6 4.
Ba4 Nf6 5. O-O Nxe4 6. d4 b5 7. Bb3 d5 8. dxe5 Be6 9. Qe2 Nc5 10. Rd1 Nxb3 11. axb3 Qd7 12. c4 bxc4 13. bxc4 d4 14.
Nbd2 Nb4 15. Nb3 c5 16. Qe4 Rd8 17. Bg5 Bxc4 18. Nbxd4 Bd5 19. Qe2 cxd4 20. Bxd8 Qxd8 21. Nxd4 Bc5 22. Rac1 Ba7 23. Nf5 O-O 24. Qg4 g6 25. Nh6+ Kg7 26. Qxb4 Kxh6 27. Qd2+ Kg7 28. Qxd5 Qb6 29.
Qf3 Qxb2 30. Rc7 Bb6 31. Qf6+ Kg8 32. Rcd7 a5 33. R7d6 Bc5 34. Rd8 a4 35. Rxf8+ Bxf8 36. Qa6 a3 37. e6 a2 38. exf7+ Kg7 39. Qa4 Bc5 40. Rf1 Bd4 0-1

[Event "Late-Titled-Tuesday-Blitz-October-24-2023"]
[Site "Chess.com"]
[Date "2023.10.24"]
[Round "1"]
[White "rockstar0902"]
[Black "boracilek"]
[Result "1-0"]
[WhiteElo "2592"]
[BlackElo "2203"]
[TimeControl "180+1"]
[EndTime "14:07:32 PDT"]
[Termination "rockstar0902 won on time"]

1. c4 Nf6 2. Nc3 g6 3. e4 d6 4. g3 Bg7 5. Bg2 O-O 6. Nge2 e5 7. O-O Nc6 8. d3 Be6 9. h3 Qd7 10. Kh2 Nh5 11. g4 Nf6 12. f4 exf4 13. Nxf4 Qd8 14. Be3 Nd7 15. Qd2 Qh4 16. Qf2 Qxf2 17. Rxf2 Bd4 18.
Bxd4 Nxd4 19. Ncd5 Bxd5 20. Nxd5 c6 21. Nf6+ Nxf6 22. Rxf6 Rad8 23. Raf1 Kg7 24. g5 c5 25.
h4 Nc6 26. Kg3 Ne5 27. Rd1 h6 28. b3 hxg5 29. hxg5 Rh8 30. d4 Nc6 31. dxc5 dxc5 32. Rd5 Nb4 33. Rxc5 Rd3+ 34. Bf3 Rd7 35. e5 Nd3 36.
Rb5 a6 37. Rxb7 Rxb7 38. Bxb7 Nxe5 39. Rxa6 Rh5 40. Be4 Rxg5+ 41. Kf4 f6 42. c5 Rg4+ 43. Ke3 f5 44. Bd5 Kf8 45. c6 Ke7 46. c7 Kd7 47. Ra7 1-0

[Event "Late-Titled-Tuesday-Blitz-October-24-2023"]
[Site "Chess.com"]
[Date "2023.10.24"]
[Round "1"]
[White "slorovel"]
[Black "Byniolus"]
[Result "1-0"]
[WhiteElo "2481"]
[BlackElo "2794"]
[TimeControl "180+1"]
[EndTime "14:07:33 PDT"]
[Termination "slorovel won by resignation"]

1. e4 d6 2. d4 Nf6 3. Nc3 c6 4. g3 b5 5. a3 Nbd7 6. Bg2 e5 7. Nge2 Bb7 8. O-O Be7 9. h3 a5 10. Be3 O-O 11. g4 b4 12. Nb1 exd4 13.
Nxd4 c5 14. Nf5 Bxe4 15. Nxd6 Bxg2 16. Kxg2 Qc7 17. Nf5 Rfe8 18. Nd2 Bf8 19. Nc4 Ne5 20. Nxe5 Qxe5 21. axb4 cxb4 22. Qf3 Qe4 23. Qxe4 Rxe4 24.
Ra4 Nd5 25. Rfa1 g6 26. Rxa5 Rxa5 27. Rxa5 Re5 28. Ra8 Nxe3+ 29. Nxe3 Kg7 30. Rc8 Bc5 31. Kf3 h5 32. c3 bxc3 33. bxc3 Bxe3 34. fxe3 hxg4+ 35. hxg4 Ra5 36. c4 Kf6 37. Rc7 Ra1 38. Rc6+ Kg5 39.
Rc5+ Kh4 40. g5 Rf1+ 41. Ke4 Rd1 42. Rc7 Rf1 43. Rc5 Rd1 44. Re5 Kg4 45. c5 Rd2 46.
Re7 Rc2 47. Kd5 Rf2 48. c6 Kxg5 49. c7 Rc2 50. Rxf7 Kg4 51. Kd6 g5 52. Kd7 Rd2+ 53. Kc8 Re2 54. Kd8 Rxe3 55. c8=Q+ 1-0

[Event "Late-Titled-Tuesday-Blitz-October-24-2023"]
[Site "Chess.com"]
[Date "2023.10.24"]
[Round "1"]
[White "effefe"]
[Black "oskariot"]
[Result "0-1"]
[WhiteElo "2352"]
[BlackElo "2662"]
[TimeControl "180+1"]
[EndTime "14:07:33 PDT"]
[Termination "oskariot won on time"]

1. d4 Nf6 2. c4 c5 3. d5 g6 4. Nc3 Bg7 5. e4 d6 6. Bd3 O-O 7. f4 e6 8. Nf3 exd5 9. cxd5 c4 10. Bc2 Nbd7 11. O-O b5 12. a3 Nc5 13. Kh1 Re8 14. e5 dxe5 15. fxe5 Ng4 16. Bg5 Qb6 17. d6 Nd3 18. Bxd3 cxd3 19. Qxd3 Bf5 20. Qd5 Nf2+ 21. Rxf2 Qxf2 22. Nxb5 Qxb2 23. Rd1 Be6 24. Qd3 h6 25. Bh4 Bf5 26. Qd5 Be6 27. Qd3 Bxe5 28. Nxe5 Qxe5 29. Nc7 Bd7 30. Nxa8 Rxa8 31. Be7 Rc8 32. Qd2 Qh5 33. Re1 Rc5 34. Qf2 Re5 35. Rxe5 Qxe5 36. h3 a6 37. Qd2 Kh7 38. Qf2 Qe6 39. Qd2 Bc6 40. Kh2 Qe5+ 41. g3 Qe4 42. g4 Qe5+ 43. Kg1 Qg3+ 44. Kf1 Bb5+ 0-1

[Event "Late-Titled-Tuesday-Blitz-October-24-2023"]
[Site "Chess.com"]
[Date "2023.10.24"]
[Round "1"]
[White "rychessmaster1"]
[Black "UK_23"]
[Result "1-0"]
[WhiteElo "2687"]
[BlackElo "2397"]
[TimeControl "180+1"]
[EndTime "14:07:34 PDT"]
[Termination "rychessmaster1 won by resignation"]

1. d4 d5 2. c4 e6 3. Nf3 Nf6 4. Nc3 Be7 5. Bf4 O-O 6. e3 b6 7.
Bd3 dxc4 8. Bxc4 Ba6 9. Qe2 Bxc4 10. Qxc4 c5 11. Rd1 Qc8 12. d5 exd5 13. Nxd5 Nxd5 14.
Rxd5 Nc6 15. O-O Nb4 16. Rd2 Bf6 17. Rfd1 Qa6 18. Qxa6 Nxa6 19. Be5 Bxe5 20. Nxe5 Nc7 21. f4 Rfe8 22. Kf2 Ne6 23. Rd7 f6 24. Nc4 Rad8 25.
a4 Kf8 26. R1d2 Rxd7 27. Rxd7 Re7 28. Rd6 Ke8 29. g4 Nc7 30. Rd2 Na6 31. Nd6+ Kf8 32. Nf5 Rc7 33. h4 g6 34. Ng3 Ke7 35. h5 Nb4 36.
hxg6 hxg6 37. Kf3 Rd7 38. Rh2 Ke6 39. Ne4 Nd3 40. g5 f5 41. Nf6 Rg7 42. Rd2 c4 43. b3 Nc5 44. bxc4 Nxa4 45. e4 fxe4+ 46. Nxe4 Rc7 47. Rd6+ Kf7 48. Rf6+ Kg7 49. Nd6 Re7 50. f5 Nc5 51. Rxg6+ Kh7 52. Rh6+ Kg8 53. f6 Rd7 54.
Nf5 Ne6 55. Ne7+ Kf7 56. Rh7+ Kf8 57. Ng6+ Ke8 58. Rxd7 Kxd7 59. Kg4 a5 60. Ne5+ Kd6 61. Nd3 a4 62. g6 a3 63. Nb4 Kc5 64. Na2 Kxc4 65.
g7 Kb3 66. g8=Q Kxa2 67. Qxe6+ Kb2 68. Qxb6+ Ka2 69. Qa5 Kb2 70. Qxa3+ Kxa3 71. f7 1-0

[Event "Late-Titled-Tuesday-Blitz-October-24-2023"]
[Site "Chess.com"]
[Date "2023.10.24"]
[Round "1"]
[White "DanielTitichoca"]
[Black "PapaieDudu"]
[Result "1-0"]
[WhiteElo "2645"]
[BlackElo "2341"]
[TimeControl "180+1"]
[EndTime "14:07:34 PDT"]
[Termination "DanielTitichoca won on time"]

1. c4 e6 2. Nf3 Nf6 3. e3 d5 4. b3 Be7 5. Bb2 O-O 6. Nc3 Re8 7. Be2 b6 8. O-O Bb7 9. Rc1 a6 10. Qc2 Nc6 11. a3 h6 12. d4 dxc4 13. Bxc4 Nd5 14. e4 Nf4 15. Rfd1 Na5 16. Bf1 Rc8 17. b4 Nc6 18. g3 Ng6 19. h4 Bf8 20. h5 Nge7 21. d5 exd5 22. exd5 Nb8 23. Bc4 b5 24. Bb3 Qd7 25.
Ne5 Qf5 26. Nxf7 Qxh5 27. Ne4 Nxd5 28. Nc5 Bc6 29. Ne5 Rxe5 30. Bxe5 Qxe5 31. Re1 Qh5 32.
Rcd1 Rd8 33. Qe4 Bxc5 34. bxc5 Kh8 35. Qe5 Qf3 36. Re3 Qf8 37. Bxd5 Qxc5 38. Bf3 Rxd1+ 39. Bxd1 Qxe5 40. Rxe5 Nd7 41. Re7 Kg8 42. Bb3+ Kf8 43. Rf7+ Ke8 44. Rxg7 Nc5 45. Rxc7 Nxb3 46. Rxc6 a5 47.
Rxh6 Nd4 48. Ra6 Nb3 49. f4 Kd7 50. f5 Nc5 51. Rxa5 Kc6 52. f6 Kb6 53. f7 Nd7 54. Ra8 b4 55. axb4 1-0

[Event "Late-Titled-Tuesday-Blitz-October-24-2023"]
[Site "Chess.com"]
[Date "2023.10.24"]
[Round "1"]
[White "Triumphmate"]
[Black "vugarrasulov"]
[Result "0-1"]
[WhiteElo "2515"]
[BlackElo "2997"]
[TimeControl "180+1"]
[EndTime "14:07:35 PDT"]
[Termination "vugarrasulov won by checkmate"]

1. e4 e5 2. Nf3 Nc6 3. Nc3 Nf6 4. Bb5 Bd6 5. d3 h6 6. h3 O-O 7. Be3 Ne7 8. Ba4 c6 9. Bb3 Ng6 10. Qd2 Bb4 11. a3 Bxc3 12. bxc3 d5 13. exd5 Nxd5 14. c4 Ndf4 15. O-O-O Qf6 16. g3 Ne6 17. Nh2 Nd4 18. Bxd4 exd4 19. f4 Bxh3 20. Nf3 Bg4 21. Rdf1 Bxf3 22.
Rxf3 Rae8 23. g4 Re3 24. Rhf1 Rxf3 25. Rxf3 Re8 26. f5 Ne5 27. Rf4 c5 28. Ba4 Re7 29.
Kb2 b6 30. Bb3 a5 31. Re4 Qg5 32. Qe2 f6 33. Ba4 Qh4 34. Bc6 Nxc6 35. Rxe7 Nxe7 36. Qxe7 Qxg4 37. Qe6+ Kh7 38. Qxb6 Qxf5 39. Qxa5 h5 40. Qc7 h4 41. a4 h3 42. a5 Qe5 43. Qc8 Qg3 44.
Qf5+ Kh6 45. a6 h2 46. Qe4 Qg1 47. a7 h1=Q 48. a8=Q Qb1+ 49. Ka3 Qb4+ 50. Ka2 Qhb1# 0-1

[Event "Late-Titled-Tuesday-Blitz-October-24-2023"]
[Site "Chess.com"]
[Date "2023.10.24"]
[Round "1"]
[White "Nikita_Klepikov"]
[Black "Cryptochess"]
[Result "0-1"]
[WhiteElo "2302"]
[BlackElo "2622"]
[TimeControl "180+1"]
[EndTime "14:07:36 PDT"]
[Termination "Cryptochess won by resignation"]

1. e4 c5 2. Nf3 Nc6 3. d4 cxd4 4. Nxd4 Nf6 5. Nc3 d6 6. Be2 e6 7. O-O Be7 8. Be3 O-O 9. f4 Bd7 10. a4 a6 11. Qe1 Rc8 12. Qg3 Nxd4 13. Bxd4 Bc6 14.
Rad1 Qa5 15. f5 e5 16. Be3 Kh8 17. Bg5 Bxa4 18. Nd5 Nxd5 19. Rxd5 Qb6+ 20. Kh1 Bxg5 21. Qxg5 f6 22. Qh5 Rxc2 23. Rd3 Rxe2 24. Qxe2 Bb5 25.
Rfd1 Bxd3 26. Qxd3 Qxb2 27. Qxd6 Rg8 28. h3 Qe2 29. Qd5 a5 30. Rb1 a4 31. Rxb7 a3 32. Ra7 Qf1+ 33. Kh2 Qf4+ 34. Kh1 Qc1+ 35. Kh2 Qf4+ 36.
Kh1 h5 37. Rxa3 Qc1+ 38. Kh2 Qxa3 39. Qf7 Rf8 40. Qxh5+ Kg8 41. Qg6 Qe3 42. Qg4 Qf4+ 0-1

[Event "Late-Titled-Tuesday-Blitz-October-24-2023"]
[Site "Chess.com"]
[Date "2023.10.24"]
[Round "1"]
[White "jactorres"]
[Black "PNEPaul"]
[Result "1-0"]
[WhiteElo "2533"]
[BlackElo "1859"]
[TimeControl "180+1"]
[EndTime "14:07:36 PDT"]
[Termination "jactorres won on time"]

1. e4 e5 2. Nf3 Nc6 3. Bb5 f5 4. Nc3 Nf6 5. Qe2 f4 6. Bxc6 dxc6 7. Nxe5 Bd6 8. Nc4 O-O 9. d3 Bg4 10. f3 Be6 11. Nxd6 cxd6 12. Bxf4 Qd7 13. O-O-O b5 14. Kb1 b4 15. Na4 c5 16. b3 Ne8 17. Bc1 a5 18.
Nb6 Qb7 19. Nxa8 Qxa8 20. d4 a4 21. d5 Bd7 22. Bb2 Qa7 23. g3 Nc7 24. e5 Bb5 25.
Qe3 Qb6 26. exd6 Qxd6 27. Qe5 Qd7 28. d6 Na6 29. Qe7 Qxe7 30. dxe7 Re8 31. Rd8 Kf7 32. Rxe8 Kxe8 33. Bxg7 Kxe7 34. Re1+ Kf7 35. Bb2 a3 36. Bc1 Nc7 37. Bd2 Nd5 38. Kc1 Bc6 39. f4 Nf6 40.
Be3 Ne4 41. Bd2 Nf2 42. Re5 Ne4 43. Be3 Nc3 44. Rxc5 Nxa2+ 45. Kb1 Nc3+ 46. Ka1 Be4 47. Rc7+ Kg6 48. Bd4 Bxc2 49. Bxc3 bxc3 50. Rxc3 Be4 51.
Ka2 1-0

[Event "Late-Titled-Tuesday-Blitz-October-24-2023"]
[Site "Chess.com"]
[Date "2023.10.24"]
[Round "1"]
[White "Herman-NY"]
[Black "Duhless"]
[Result "0-1"]
[WhiteElo "2527"]
[BlackElo "3110"]
[TimeControl "180+1"]
[EndTime "14:07:38 PDT"]
[Termination "Duhless won by resignation"]

1. e4 c5 2. Nf3 e6 3. d4 cxd4 4. Nxd4 Nf6 5. Nc3 Nc6 6. Ndb5 Bc5 7. Bf4 O-O 8. Bc7 Qe7 9. Bd6 Bxd6 10. Qxd6 Ne8 11.
Qxe7 Nxe7 12. O-O-O f5 13. exf5 Nxf5 14. Ne4 a6 15. Nbc3 d5 16. Nc5 b6 17. Nd3 Nf6 18. Re1 Nd6 19. Na4 Rb8 20. Ne5 a5 21. f3 Re8 22. Nc3 Bd7 23. Ne2 Nf7 24. Nd4 Nxe5 25. Rxe5 Kf7 26. Bd3 b5 27. Rhe1 b4 28. g4 h6 29. h4 Rb6 30. g5 Ng8 31. f4 Ne7 32. Be2 hxg5 33. fxg5 Rh8 34. h5 Nc6 35. Nxc6 Rxc6 36. Bg4 a4 37. Kd1 Rhc8 38. R1e2 b3 39.
axb3 axb3 40. c3 Ra6 41. h6 gxh6 42. gxh6 Rh8 43. Rh2 Kf6 44. Rhh5 Ra1+ 45. Kd2 Rb1 46. Kd3 Rxb2 47. Re3 Rg2 48. Rf3+ Ke7 49. Bh3 b2 50. Rf1 Bb5+ 0-1

[Event "Late-Titled-Tuesday-Blitz-October-24-2023"]
[Site "Chess.com"]
[Date "2023.10.24"]
[Round "1"]
[White "aa175"]
[Black "nitpicker"]
[Result "1-0"]
[WhiteElo "2601"]
[BlackElo "2256"]
[TimeControl "180+1"]
[EndTime "14:07:39 PDT"]
[Termination "aa175 won on time"]

1. d4 Nf6 2. Nf3 b6 3. Bf4 Bb7 4. e3 e6 5. Nbd2 d6 6. Bd3 Nbd7 7.
h3 Qe7 8. e4 e5 9. dxe5 dxe5 10. Bh2 g6 11. Nc4 Nxe4 12. Nfxe5 Bg7 13. Qe2 Nec5 14.
Nxd7 Nxd3+ 15. cxd3 Qxe2+ 16. Kxe2 Kxd7 17. Rhc1 Bxg2 18. Ne3 Bxh3 19. Rxc7+ Ke8 20. Nd5 Be6 21. Nf4 Bg4+ 22. f3 Bf5 23. Re1 Bf6 24. Nd5 Bd8 25. Kd2+ Be6 26. Rb7 Kf8 27. Bd6+ Kg8 28. Ne7+ Bxe7 29.
Rxe7 Rd8 30. Be5 Bxa2 31. Bxh8 Kxh8 32. Re8+ Rxe8 33. Rxe8+ Kg7 34. Ra8 a5 35. Rb8 a4 36.
Rxb6 Bb3 37. Ke3 h5 38. Kf4 f6 39. d4 g5+ 40. Kg3 Kg6 41. Rb5 h4+ 42. Kh3 Be6+ 43. Kg2 f5 44. d5 Bd7 45. Rb7 Be8 46. d6 1-0

[Event "Late-Titled-Tuesday-Blitz-October-24-2023"]
[Site "Chess.com"]
[Date "2023.10.24"]
[Round "1"]
[White "Kostukov_Alex"]
[Black "GianmarcoVaR"]
[Result "1-0"]
[WhiteElo "2420"]
[BlackElo "2703"]
[TimeControl "180+1"]
[EndTime "14:07:40 PDT"]
[Termination "Kostukov_Alex won by resignation"]

1. g3 d5 2. Bg2 Nf6 3. d3 e5 4.
e4 dxe4 5. dxe4 Qxd1+ 6. Kxd1 Bc5 7. f3 c6 8. Nd2 Nbd7 9. a4 a5 10.
Nc4 Ke7 11. Be3 Bxe3 12. Nxe3 Nc5 13. Ke2 Rd8 14. Nh3 b6 15. Rhd1 Ba6+ 16. Ke1 g6 17.
Nf2 Ne8 18. Bf1 Rxd1+ 19. Nfxd1 Nd6 20. Bxa6 Rxa6 21. Nf2 f5 22. exf5 gxf5 23. Nd3 Nxd3+ 24. cxd3 b5 25. Kd2 Ke6 26. b3 h5 27. f4 exf4 28. gxf4 Kf6 29. Rc1 bxa4 30. bxa4 Rb6 31. Rc5 Rb4 32.
Rxc6 Rxa4 33. Rxd6+ Kf7 34. d4 Ra2+ 35. Nc2 Ra1 36. Rd5 Rh1 37. Rxf5+ Kg6 38. Rg5+ Kh6 39. Rg2 h4 40. Ne3 h3 41. Rf2 Kg6 42. f5+ Kf7 43. f6 a4 44. Nc4 Rg1 45. Ne5+ Kf8 46. f7 Rg2 47. Nd7+ 1-0

[Event "Late-Titled-Tuesday-Blitz-October-24-2023"]
[Site "Chess.com"]
[Date "2023.10.24"]
[Round "1"]
[White "Kleyton_Lima"]
[Black "kleinebeer98"]
[Result "0-1"]
[WhiteElo "2500"]
[BlackElo "2877"]
[TimeControl "180+1"]
[EndTime "14:07:41 PDT"]
[Termination "kleinebeer98 won by checkmate"]

1. e4 e5 2. Nf3 Nc6 3. d4 exd4 4. Nxd4 Nf6 5. Nxc6 bxc6 6. e5 Qe7 7. Qe2 Nd5 8. c4 Nb6 9. Nc3 Qe6 10. Qe4 Bb4 11. Bd2 Bxc3 12. Bxc3 d5 13. cxd5 cxd5 14. Qb4 Nd7 15. Bb5 c6 16. Ba4 Rb8 17. Qa3 Nb6 18. Bc2 Qe7 19. Qxe7+ Kxe7 20. O-O c5 21. a4 d4 22. Bd2 Nd5 23. Rab1 Be6 24.
Be4 Rb3 25. Rfc1 Rc8 26. Bc2 Rb6 27. Bg5+ Kd7 28. Be4 c4 29. a5 Rb3 30. Bc2 Rb4 31. Be4 Rcb8 32. f4 g6 33. g4 Ne3 34. h3 Rxb2 35.
Rxb2 Rxb2 36. f5 gxf5 37. Bxe3 fxe4 38. Bxd4 Ra2 39. Bxa7 Rxa5 40. Bd4 Kc6 41. Kf2 Ra2+ 42. Kg3 Kd5 43. Bc3 Re2 44. Kf4 Rf2+ 45. Kg3 Rf3+ 46. Kg2 h5 47. gxh5 Rxh3 48. Rd1+ Kc6 49. Be1 Rxh5 50.
Rd4 Rxe5 51. Bd2 e3 52. Bc3 Bd5+ 53. Kf1 e2+ 54. Ke1 Re3 55. Bd2 Rd3 56. Rf4 c3 57. Bxc3 Rxc3 58. Kxe2 Kd6 59. Kd2 Ra3 60. Rh4 f5 61.
Rh8 Ke5 62. Ke2 f4 63. Re8+ Kd4 64. Kf2 Ra2+ 65. Kf1 Be4 66. Rd8+ Ke3 67. Kg1 Ra1+ 68. Kh2 Rh1# 0-1